Map: King's Cove LE

Players

Namshar - Winner!

  • Race: Zerg Zerg
  • Spawn Location: 11:00

Creed

  • Race: Terran Terran
  • Spawn Location: 5:00

Event: 2019 WCS Spring

VOD

Have the link to the VOD?

Description

Time

  • Played on: May 17, 2019, 1:49 p.m.
  • Length: 12:45

All games in this series

Show
View Real Time Build Order
Export as new Build Order

Namshar Zerg - Winner!

Build Orders: Pool First, Roach Hydra 

Get SALT Encoding   

  12  0:00  Drone  
  13  0:12  Overlord  
  13  0:18  Drone  
  14  0:31  Drone x2  
  16  0:40  Spawning Pool  
  15  0:45  Drone  
  15  0:49  Drone  
  17  1:10  Hatchery  
  16  1:13  Drone  
  17  1:27  Queen  
  17  1:28  Extractor, Zergling x2  
  19  1:34  Drone x2  
  21  1:41  Drone  
  22  1:53  Overlord  
  22  2:11  Queen  
  22  2:12  Drone x2  
  26  2:22  Drone x2  
  28  2:33  Drone x2  
  30  2:38  Drone x3  
  33  2:46  Drone  
  33  2:50  Pneumatized Carapace  
  34  2:53  Overlord  
  34  2:56  Hatchery  
  34  2:57  Drone  
  34  3:06  Drone  
  34  3:08  Overlord  
  34  3:12  Queen  
  37  3:13  Drone  
  37  3:17  Drone  
  39  3:20  Drone x2  
  39  3:22  Drone  
  42  3:28  Metabolic Boost, Drone x2  
  44  3:35  Queen  
  44  3:40  Overlord  
  46  3:45  Drone  
  46  3:46  Drone  
  48  3:49  Drone  
  48  3:52  Roach Warren  
  48  3:56  Overlord x2  
  48  4:01  Drone x4  
  52  4:08  Drone x2  
  52  4:09  Drone  
  55  4:17  Drone x4  
  55  4:22  Zergling x4  
  55  4:24  Queen  
  61  4:30  Zergling x6  
  61  4:31  Zergling x2  
  67  4:44  Drone  
  67  4:45  Drone x3  
  70  4:48  Lair, Extractor  
  70  4:49  Drone x3  
  70  4:50  Extractor  
  71  4:56  Drone  
  71  4:57  Overlord  
  72  5:04  Evolution Chamber  
  72  5:06  Drone x3  
  74  5:07  Evolution Chamber  
  74  5:11  Overlord x3  
  73  5:17  Extractor  
  71  5:22  Zergling x4  
  71  5:25  Drone x6  
  77  5:29  Extractor  
  77  5:30  Extractor  
  75  5:35  Zerg Missile Weapons Level 1, Zerg Ground Armor Level 1  
  75  5:36  Drone x3  
  75  5:42  Drone  
  79  5:43  Drone x3  
  79  5:45  Overlord, Drone  
  79  5:47  Overlord  
  79  5:48  Glial Reconstitution  
  83  5:55  Infestation Pit, Hatchery  
  83  5:56  Roach x3  
  87  5:59  Roach  
  90  6:04  Drone  
  90  6:10  Drone x2  
  92  6:17  Drone  
  92  6:18  Extractor, Hydralisk Den  
  92  6:22  Roach x4  
  96  6:27  Roach  
  96  6:28  Roach x3, Extractor  
  101  6:34  Drone x3  
  101  6:35  Drone x3  
  106  6:46  Hive  
  106  6:48  Overlord x2  
  106  6:49  Drone x6  
  112  6:55  Overlord  
  112  6:56  Overlord  
  112  6:57  Muscular Augments  
  112  6:59  Ravager  
  113  7:13  Overlord x2, Drone  
  113  7:14  Drone x5  
  119  7:20  Roach  
  119  7:21  Roach x6  
  133  7:25  Ravager x2, Overlord, Hatchery  
  133  7:28  Hydralisk  
  136  7:30  Hydralisk x2  
  140  7:39  Hydralisk x3  
  140  7:48  Overlord  
  140  7:49  Hydralisk  
  140  7:50  Hydralisk x6  
  152  7:55  Overlord  
  152  7:59  Spore Crawler  
  152  8:02  Drone  
  152  8:03  Extractor, Spine Crawler x2  
  152  8:04  Drone, Spine Crawler  
  150  8:07  Extractor  
  150  8:08  Viper x3  
  150  8:09  Grooved Spines  
  150  8:12  Viper  
  158  8:15  Hydralisk  
  158  8:16  Zergling x6  
  166  8:25  Hydralisk x4  
  174  8:32  Overlord  
  174  8:40  Overlord, Viper  
  173  8:41  Zerg Missile Weapons Level 2  
  173  8:56  Hydralisk x7  
  173  9:01  Roach x5  
  173  9:02  Roach  
  181  9:13  Hydralisk  
  181  9:14  Hydralisk x6  
  159  9:25  Hydralisk x5  
  157  9:42  Hydralisk  
  157  9:43  Hydralisk x6  
  161  9:52  Drone x4  
  165  9:54  Viper  
  165  9:58  Drone x3  
  165  9:59  Drone x2  
  173  10:02  Queen x2  
  173  10:04  Drone  
  178  10:09  Queen  
  180  10:15  Drone  
  180  10:19  Viper x3  
  190  10:34  Drone x9  
  183  11:00  Spire  
  182  11:05  Spine Crawler  
  182  11:06  Spine Crawler  
  182  11:07  Spine Crawler x2  
  182  11:08  Drone  
  182  11:09  Drone x2, Spine Crawler  
  182  11:11  Hatchery, Spine Crawler  
  178  11:23  Hatchery  
  177  11:31  Hydralisk x11  
  194  11:46  Drone x3  
  192  12:04  Hydralisk x3  
  167  12:35  Extractor  
  167  12:36  Extractor  
Show
View Real Time Build Order
Export as new Build Order

Creed Terran 

Build Orders: 2 Factory, Mech 

Get SALT Encoding   

  12  0:01  SCV  
  13  0:13  SCV  
  14  0:18  Supply Depot  
  14  0:25  SCV  
  15  0:40  SCV  
  15  0:41  Barracks  
  16  0:52  SCV  
  17  1:04  SCV  
  18  1:16  SCV  
  19  1:23  Command Center  
  19  1:30  Orbital Command  
  19  1:35  Marine  
  20  1:44  Bunker  
  20  1:49  Supply Depot  
  20  1:52  Marine  
  21  1:56  SCV  
  22  2:02  Refinery  
  22  2:07  Refinery  
  22  2:10  Marine  
  22  2:11  SCV  
  24  2:23  SCV  
  24  2:28  Marine  
  26  2:35  SCV, Orbital Command  
  27  2:48  SCV  
  27  2:50  Factory  
  28  2:58  Barracks Reactor  
  28  3:00  SCV  
  28  3:02  SCV  
  30  3:10  Supply Depot  
  30  3:12  SCV  
  31  3:14  SCV  
  31  3:16  Factory  
  32  3:24  SCV  
  32  3:26  SCV  
  34  3:32  Supply Depot  
  34  3:36  SCV  
  34  3:38  SCV  
  34  3:40  Hellion  
  34  3:41  Hellion  
  40  3:42  Barracks Tech Lab  
  40  3:54  SCV x2  
  42  3:56  Command Center  
  42  4:04  Hellion x2  
  42  4:06  SCV x2  
  42  4:09  Hellion  
  50  4:19  SCV x2  
  50  4:23  Refinery x2  
  52  4:25  Hellion  
  52  4:29  Hellion  
  56  4:32  SCV x2  
  58  4:44  Mag-Field Accelerator  
  57  4:47  SCV x2  
  57  4:48  Factory  
  59  4:53  Hellion  
  59  4:55  Hellion  
  59  4:57  Supply Depot  
  60  5:00  Armory  
  60  5:02  Supply Depot  
  60  5:03  SCV x2  
  62  5:07  Siege Tank  
  62  5:08  Orbital Command  
  65  5:15  Hellion, Engineering Bay  
  65  5:18  Hellion  
  69  5:25  SCV x2  
  61  5:30  Supply Depot  
  61  5:32  Factory Tech Lab  
  61  5:37  Armory, SCV, Orbital Command  
  61  5:38  Hellion  
  61  5:39  Hellion  
  66  5:43  Cyclone  
  66  5:47  SCV  
  70  5:51  Terran Vehicle And Ship Armor Level 1  
  70  5:53  Cyclone  
  73  5:57  SCV  
  73  5:58  Supply Depot  
  73  5:59  SCV  
  73  6:02  SCV  
  73  6:03  Hellion  
  78  6:05  Hellion  
  78  6:09  SCV  
  81  6:12  SCV  
  81  6:14  SCV  
  81  6:17  Infernal Pre-Igniter  
  83  6:21  SCV  
  83  6:22  Refinery x2  
  80  6:25  SCV  
  80  6:26  SCV  
  80  6:32  Hellion x2, Cyclone  
  87  6:34  Cyclone  
  87  6:37  Terran Vehicle Weapons Level 1  
  90  6:43  Factory  
  90  6:45  SCV x2  
  90  6:46  Factory  
  92  6:49  SCV  
  93  6:57  SCV x2  
  93  6:59  Supply Depot x2  
  93  7:01  SCV  
  96  7:07  Cyclone x2  
  102  7:09  SCV  
  102  7:10  SCV, Hellion x2  
  108  7:17  Supply Depot x2  
  108  7:28  SCV x3  
  111  7:36  Command Center  
  111  7:39  Siege Tank x2, Factory Tech Lab x2  
  110  7:46  Hellion x2  
  110  7:49  SCV x2  
  116  7:52  Terran Vehicle And Ship Armor Level 2  
  116  7:58  Starport  
  116  8:01  Smart Servos  
  116  8:02  Siege Tank x2  
  122  8:09  SCV x3  
  122  8:10  Hellion  
  122  8:11  Hellion  
  122  8:12  Sensor Tower  
  129  8:16  Supply Depot  
  123  8:22  Siege Tank x2  
  127  8:33  SCV x2  
  129  8:36  Missile Turret  
  129  8:39  Hellion, Starport Reactor  
  129  8:40  Starport  
  129  8:41  Terran Vehicle Weapons Level 2  
  131  8:44  Supply Depot  
  131  8:45  SCV x3, Supply Depot  
  131  8:46  Supply Depot  
  134  8:53  Hellion, Siege Tank x2  
  138  9:11  Siege Tank x2  
  138  9:12  Hellion  
  138  9:14  Hellion  
  131  9:25  Siege Tank x2  
  102  9:33  Hellion  
  102  9:35  Hellion  
  100  9:41  Viking x2  
  100  9:43  Siege Tank  
  99  9:46  SCV x2  
  99  9:50  Command Center  
  99  9:59  Orbital Command  
  99  10:03  Hellion  
  99  10:04  Hellion, Siege Tank  
  106  10:07  SCV x2  
  106  10:13  Viking  
  110  10:18  Sensor Tower  
  110  10:19  SCV  
  110  10:21  Missile Turret, Siege Tank  
  111  10:23  SCV  
  111  10:25  Starport Tech Lab  
  111  10:26  Viking  
  117  10:32  SCV  
  117  10:35  Hellion x2  
  118  10:44  Viking x2  
  118  10:49  Siege Tank  
  111  10:52  SCV x3  
  114  11:00  Fusion Core  
  114  11:01  Hellion x2, Siege Tank  
  121  11:04  SCV x2  
  121  11:08  Siege Tank  
  126  11:15  Refinery  
  126  11:19  Refinery  
  126  11:23  Hellion x2, Siege Tank  
  126  11:25  Viking  
  135  11:27  SCV x2  
  135  11:41  Planetary Fortress  
  135  11:45  Hellion x2  
  137  11:47  Siege Tank x2  
  137  11:50  Viking  
  137  11:53  Command Center  
  141  12:00  Missile Turret x2, Thor  
  141  12:01  Missile Turret  
  146  12:08  Missile Turret  
  144  12:10  Missile Turret  
  144  12:11  Hellion x2  
  144  12:12  Viking  
Tags
 
Add a new tag
Caveats
  • Supply blocks, unpowered buildings, or Contaminate may cause inaccurate times.
  • Supply counts are checked every 10 seconds.